 Dungeon Crawl Stone Soup version 0.31-a0-165-g3f4f80340b (webtiles) character file.

Game seed: 17124425972097002503

189970 qw the Warrior (level 18, -1/125 HPs)
             Began as a Gargoyle Fighter on June 13, 2023.
             Was an Elder of Okawaru.
             Slain by a merfolk impaler
             ... wielding a +0 trident of freezing
              (6 damage)
             ... on level 4 of the Shoals.
             The game lasted 00:18:43 (32643 turns).

qw the Warrior (Gargoyle Fighter)                  Turns: 32643, Time: 00:18:44

Health: -1/125     AC: 60    Str: 31    XL:     18   Next: 60%
Magic:  25/25      EV: 17    Int:  7    God:    Okawaru [****..]
Gold:   2073       SH:  8    Dex:  9    Spells: 17/17 levels left

rFire   + . .        p - +0 war axe (spect)
rCold   . . .        u - +1 buckler {AC+3}
rNeg    + . .        H - +4 plate armour {rF+}
rPois   inf          C - +2 helmet of the Harp {Str+3}
rElec   +            c - +2 cloak of Okawaru's Wrath {rPois Stlth+}
rCorr   .            o - +2 pair of gloves
SInv    .            x - +2 pair of boots
Will    +++..        l - amulet "Amau" {Acrobat Will++} Stlth
                     q - +5 ring of evasion
HPRegen 0.40/turn    z - +4 ring of protection
MPRegen 0.19/turn

%: acrobat
@: about to teleport, heroic, flying
A: sickness immunity, AC +13, big wings, negative energy resistance 1,
electricity resistance, torment resistance 1, petrification resistance, dopey 1
a: Renounce Religion, Heroism, Finesse


You were on level 4 of the Shoals.
You worshipped Okawaru.
Okawaru was greatly pleased with you.
You visited 6 branches of the dungeon, and saw 30 of its levels.

You collected 3263 gold pieces.
You spent 1190 gold pieces at shops.


Innate Abilities, Weirdness & Mutations

You are immune to sickness and miasma.
Your stone body is resilient. (AC +13)
You are immune to poison.
Your large and strong wings let you fly.
You resist negative energy. (rN+)
You are resistant to electric shocks. (rElec)
You are resistant to unholy torment.
You are immune to petrification.
You are dopey. (Int -2)


   Skills:
 - Level 18.0(23.0) Fighting
 - Level 16.0(21.0) Axes
 - Level 10.0(15.0) Throwing
 + Level 17.5(22.5) Armour
 - Level 5.0(10.0) Dodging
 - Level 11.0(16.0) Shields
 - Level 10.0 Invocations


You had 17 spell levels left.
You didn't know any spells.
Your spell library was empty.

Inventory:

Hand Weapons
 p - a +0 spectral war axe (weapon)
 v - a +0 broad axe
Missiles
 b - 7 javelins
 h - 2 silver javelins (quivered)
 i - 3 silver boomerangs
 D - 17 boomerangs
Armour
 c - the +2 cloak of Okawaru's Wrath (worn) {rPois Stlth+}
   (Okawaru gifted it to you on level 2 of the Orcish Mines)

   rPois:     It protects you from poison.
   Stlth:     It makes you more stealthy.
 o - a +2 pair of gloves (worn)
 u - a +1 buckler of protection (worn)
 x - a +2 pair of boots (worn)
 A - +0 acid dragon scales
 C - the +2 helmet of the Harp (worn) {Str+3}
   (You bought it in a shop on level 2 of the Orcish Mines)

   Str:       It affects your strength (+3).
 G - +0 ice dragon scales
 H - a +4 plate armour of fire resistance (worn)
Jewellery
 e - an amulet of reflection
 f - a ring of ice
 l - the amulet "Amau" (around neck) {Acrobat Will++}
   (You found it on level 9 of the Dungeon)

   [amulet of the acrobat]

   It increases your evasion while moving and waiting.
   Will:      It greatly increases your willpower.
 q - a +5 ring of evasion (left hand)
 z - a +4 ring of protection (right hand)
 B - a ring of fire
 I - a ring of protection from cold
Wands
 y - a wand of digging (9)
Scrolls
 a - 6 scrolls of teleportation
 s - 15 scrolls of identify
 t - 2 scrolls of brand weapon
Potions
 d - 2 potions of might
 g - 8 potions of attraction
 j - 16 potions of curing
 k - 7 potions of mutation
 m - 6 potions of haste
 n - a potion of magic
 r - 4 potions of cancellation
 w - a potion of resistance
 E - a potion of lignification

Dungeon Overview and Level Annotations

Branches:
Dungeon (15/15)            Temple (1/1) D:4            Lair (5/5) D:11
 Shoals (4/4) Lair:2       Spider (3/4) Lair:3        Slime (0/5) Lair:4
    Orc (2/2) D:9             Elf (0/3) Orc:2        Vaults (0/5) D:13
 Depths (0/4) D:15

Altars:
Ashenzari
Cheibriados
Dithmenos
Elyvilon
Fedhas
Gozag
Hepliaklqana
Kikubaaqudgha
Makhleb
Nemelex Xobeh
Okawaru
Qazlal
Ru
Sif Muna
Trog
Uskayaw
Vehumet
Wu Jian
Xom
Yredelemnul
Zin
The Shining One
Jiyva

Shops:
D:1 *   D:8 *   Orc:2 (:[*

Annotations:
D:5 1 runed translucent door, Crazy Yiuf
D:13 1 transporter
Shoals:4 1 runed translucent door, case's ghost, adept MiBe


Message History

Enter note:
Enter note:
Enter note:
Enter note:
Enter note:
Enter note:
Enter note:
Enter note:
Enter note:
Enter note:
Enter note:
Enter note:
Enter note:
Enter note:
Enter note:
Enter note:
Enter note:
Enter note:
Enter note:
Enter note:
Enter note:
Enter note:
Enter note:
Enter note:
Enter note:
Enter note:
Enter note:
Enter note:
Enter note:
Enter note:
Enter note:
32643 ||| READING 7 scrolls of teleportation.
As you read the scroll of teleportation, it crumbles to dust.
You feel strangely unstable. The merfolk impaler barely misses you.
The merfolk impaler misses you.
The merfolk impaler hits you but does no damage.
You block the merfolk impaler's attack.
The merfolk impaler hits you from afar with a +0 trident of freezing!
The merfolk impaler freezes you.
You die... .P.......# ~~~~~~~~~~~~~~~.. .......~# .# #. ##~~~~~~~~~~~~... ##.....##. .~.. #...~~~~~~~~..... ##)....##.. .#.##....~~~~~..#.... .)#....~# ~. .~m#.....~~~~.##...) )%##...##~.#.#mm #.......~..#..%. .###....# .~Emm

#........~.....% ~###~...##
#mm##.<.......~~.... ~##~~P...###
#@...........~~~~~
~~##.P...#.#####............~~~~.
~###.P..........~~~..........~~..
##..PP.........~~~~~.........~~..
#~..P.P.......~~~~~~.......~~~~..
~~PPP.........~~~~~.......~~~~~~~
....#####.....~~~~~.......~~~~~~~
).PP#()|#.....~~~~~........~~~~~~
...P#.~.#..<..~~~................


You could see 5 merfolk impalers, a merfolk, a water elemental and a merfolk
siren.

Vanquished Creatures
  Kirke (Shoals:4)
  Ilsuiw (Shoals:2)
  A frost giant (Shoals:4)
  A ghost moth (Spider:3)
  An emperor scorpion (Spider:3)
  An orc warlord (Orc:2)
  2 broodmothers
  Azrael (D:12)
  A spark wasp (Spider:2)
  4 dire elephants (Lair:5)
  4 merfolk impalers
  A great orb of eyes (D:15)
  5 entropy weavers
  4 vault guards (D:13)
  6 merfolk javelineers
  4 hydras
  3 alligator snapping turtles
  A jorogumo (Spider:2)
  An ogre mage (D:12)
  5 catoblepae
  8 centaur warriors
  2 merfolk avatars
  A death knight (D:13)
  2 tengu warriors (D:15)
  A radroach (Spider:3)
  5 boulder beetles
  3 merfolk aquamancers
  6 two-headed ogres
  4 demonic crawlers
  A death yak (Lair:5)
  4 orc high priests (Orc:2)
  2 spectral death yaks (Lair:5)
  6 pharaoh ants
  15 sea snakes
  A spectral anaconda (Lair:5)
  A sun moth (Spider:3)
  13 orb spiders
  2 steelbarb worms
  A wizard (D:15)
  3 orc knights (Orc:2)
  An obsidian statue (Lair:5)
  Pikel (D:5)
  31 harpies
  3 necromancers (Lair:5)
  2 deep elf pyromancers
  23 wolf spiders
  9 fauns
  6 orc sorcerers
  A cyclops (shapeshifter) (D:15)
  18 ugly things
  11 cyclopes
  2 moths of wrath
  11 manticores
  3 black mambas
  12 elephants
  10 merfolk sirens
  6 slime creatures
  4 water nymphs
  A gargoyle (D:14)
  5 torpor snails
  16 cane toads
  Psyche (D:9)
  2 efreet (D:15)
  2 unseen horrors
  A dire elephant skeleton (Lair:5)
  A rime drake (Lair:3)
  4 komodo dragons
  A tengu conjurer (D:10)
  28 merfolk
  A meliai (shapeshifter) (D:13)
  3 polar bears
  3 trolls
  6 wind drakes
  A hornet (D:10)
  17 tarantellas
  13 blink frogs
  16 dream sheep
  6 snapping turtles
  22 jumping spiders
  12 culicivoras
  16 water elementals
  A jumping spider (shapeshifter) (D:14)
  A shadow (D:9)
  A vampire (D:12)
  78 yaks
  3 hogs (Shoals:4)
  2 fire elementals (D:12)
  5 basilisks
  3 steam dragons
  46 redbacks
  6 vampire mosquitoes
  3 wargs
  4 spectral cane toads (Lair:5)
  Menkaure (D:5)
  A death yak simulacrum (Lair:5)
  2 acid dragons
  Duvessa (D:5)
  8 water moccasins
  3 hell hounds (D:12)
  25 orc warriors
  A sky beast (D:8)
  An ice beast (D:6)
  6 black bears
  18 wolves
  4 centaurs
  10 ogres
  2 lemures (D:5)
  An elephant skeleton (Lair:5)
  3 kobold brigands
  12 bullfrogs
  2 gnoll sergeants
  3 wights (D:7)
  2 scorpions (D:4)
  Dowan (D:5)
  4 killer bees (D:10)
  3 elephant simulacra (Lair:5)
  8 howler monkeys
  3 electric eels
  A hound (D:5)
  20 orc priests
  4 jellies
  A sleepcap (D:4)
  5 iguanas
  Natasha (thrice) (D:3)
  29 orc wizards
  15 hell rats
  Robin (D:3)
  6 gnolls
  9 adders
  12 river rats (Lair:1)
  A shadow imp (D:6)
  3 white imps
  An ufetubus (D:4)
  A worm (D:2)
  3 dart slugs
  70 orcs
  9 bats
  6 endoplasms
  10 goblins
  7 hobgoblins
  8 quokkas
  10 ball pythons
  4 frilled lizards
  16 kobolds
  13 rats
  2 spectral weapons (D:11)
1009 creatures vanquished.

Vanquished Creatures (others)
  An orc (D:9)
  A bat (Orc:2)
  18 spectral weapons
20 creatures vanquished.

Grand Total: 1029 creatures vanquished

Notes
Turn   | Place    | Note
-------+----------+-------------------------------------------
     0 | D:1      | qw the Gargoyle Fighter began the quest for the Orb.
     0 | D:1      | Reached XP level 1. HP: 14/14 MP: 1/1
     0 | D:1      | 0 ||| qw: Version: 0.2-a-29-gc1b59c4
     0 | D:1      | 0 ||| qw: Game counter: 4705
     0 | D:1      | 0 ||| qw: Always use a shield: true
     0 | D:1      | 0 ||| qw: God list: Okawaru
     0 | D:1      | 0 ||| qw: Allow faded altars: false
     0 | D:1      | 0 ||| qw: Do Orc after D:15 true
     0 | D:1      | 0 ||| qw: Do second Lair branch before Depths: true
     0 | D:1      | 0 ||| qw: Lair rune preference: random
     0 | D:1      | 0 ||| qw: Plans: Normal, Zot:1-4, Slime:5, God:TSO, Crypt,
                  | Tomb, Abyss, Pan, Hells, Win
     0 | D:1      | 0 ||| PLANNING D:1-11
   112 | D:1      | Reached XP level 2. HP: 19/19 MP: 2/2
   229 | D:1      | Found Cidgheedoe's Assorted Antiques.
   266 | D:1      | 266 ||| SHOPLISTING mace (66 gold, have 0).
   266 | D:1      | 266 ||| SHOPLISTING scroll labelled IGOUHAFYUPP (22 gold,
                  | have 0).
   266 | D:1      | 266 ||| SHOPLISTING scroll labelled RIAV BALUTEAW (22 gold,
                  | have 0).
   345 | D:1      | 345 ||| Stepping ~*~*~tactically~*~*~ (stealth).
   355 | D:1      | 355 ||| Stepping ~*~*~tactically~*~*~ (stealth).
   356 | D:1      | 356 ||| Stepping ~*~*~tactically~*~*~ (stealth).
   362 | D:1      | Reached skill level 3 in Axes
   633 | D:1      | Reached XP level 3. HP: 23/23 MP: 3/3
   710 | D:1      | 710 ||| UPGRADING to +0 cloak.
   715 | D:1      | 715 ||| DROPPING +2 leather armour of willpower.
   716 | D:1      | 716 ||| UPGRADING to +1 pair of gloves.
   721 | D:1      | 721 ||| UPGRADING to amulet of reflection.
   726 | D:1      | 726 ||| DROPPING ring of wizardry.
   727 | D:1      | 727 ||| READING 2 scrolls labelled IGOUHAFYUPP.
   730 | D:1      | 730 ||| READING scroll labelled VASUNTIYLI.
   731 | D:1      | 731 ||| READING scroll labelled FUTINO URAFO.
   865 | D:2      | 865 ||| DROPPING +0 club.
  1329 | D:2      | 1329 ||| UPGRADING to +0 plate armour.
  1339 | D:2      | 1339 ||| DROPPING +0 scale mail.
  1340 | D:2      | 1340 ||| READING scroll labelled APES KYNESKI.
  1341 | D:2      | 1341 ||| READING scroll labelled JANTECV FYHU.
  1342 | D:2      | 1342 ||| DRINKING 3 sedimented blue potions.
  1343 | D:2      | 1343 ||| DRINKING 2 viscous puce potions.
  1344 | D:2      | 1344 ||| DROPPING 2 potions of enlightenment.
  1362 | D:3      | Noticed Natasha
  1371 | D:3      | Killed Natasha
  1372 | D:3      | Reached XP level 4. HP: 21/28 MP: 4/4
  1376 | D:3      | 1376 ||| FLEEEEING.
  1378 | D:3      | 1378 ||| STAIRDANCE
  1410 | D:3      | 1410 ||| Stepping ~*~*~tactically~*~*~ (stealth).
  1424 | D:3      | Noticed Robin
  1436 | D:3      | Killed Robin
  1562 | D:3      | 1562 ||| Stepping ~*~*~tactically~*~*~ (hiding).
  1682 | D:3      | 1682 ||| Stepping ~*~*~tactically~*~*~ (hiding).
  1695 | D:3      | Reached XP level 5. HP: 32/32 MP: 5/5
  1708 | D:3      | Noticed Natasha
  1718 | D:3      | Killed Natasha
  1733 | D:3      | 1733 ||| DROPPING +0 mace.
  1755 | D:3      | 1755 ||| Stepping ~*~*~tactically~*~*~ (hiding).
  1758 | D:3      | 1758 ||| Stepping ~*~*~tactically~*~*~ (hiding).
  1759 | D:3      | 1759 ||| Stepping ~*~*~tactically~*~*~ (hiding).
  1793 | D:3      | 1793 ||| Stepping ~*~*~tactically~*~*~ (stealth).
  1840 | D:3      | Found a shimmering blue altar of Sif Muna.
  1941 | D:3      | Found a snail-covered altar of Cheibriados.
  2035 | D:3      | Noticed Natasha
  2036 | D:3      | 2036 ||| Stepping ~*~*~tactically~*~*~ (stealth).
  2040 | D:3      | 2040 ||| Stepping ~*~*~tactically~*~*~ (hiding).
  2046 | D:3      | Killed Natasha
  2454 | D:3      | 2454 ||| UPGRADING to +2 helmet.
  2459 | D:3      | 2459 ||| READING scroll labelled MUDULI SILUGEN.
  2460 | D:3      | 2460 ||| READING scroll labelled FESUME UNICSYSTU.
  2461 | D:3      | 2461 ||| DRINKING 2 sedimented grey potions.
  2462 | D:3      | 2462 ||| DRINKING 2 puce potions.
  2463 | D:3      | 2463 ||| DROPPING potion of degeneration.
  2477 | D:4      | Found a staircase to the Ecumenical Temple.
  2478 | D:4      | 2478 ||| PLANNING TEMPLE
  2478 | D:4      | 2478 ||| STAIRDANCE
  2482 | D:4      | 2482 ||| STAIRDANCE
  2496 | D:4      | 2496 ||| STAIRDANCE
  2507 | Temple   | Entered the Ecumenical Temple
  2507 | Temple   | Found a transporter.
  2507 | Temple   | Found a transporter.
  2509 | Temple   | Found a transporter.
  2509 | Temple   | Found a transporter.
  2519 | Temple   | 2519 ||| PLANNING D:1-11
  2570 | D:4      | Reached skill level 4 in Fighting
  2570 | D:4      | Reached XP level 6. HP: 37/39 MP: 6/6
  2642 | D:4      | Found an ancient bone altar of Kikubaaqudgha.
  2702 | D:4      | 2702 ||| Stepping ~*~*~tactically~*~*~ (stealth).
  2703 | D:4      | 2703 ||| Stepping ~*~*~tactically~*~*~ (stealth).
  2736 | D:4      | Found an opulent altar of Gozag.
  2744 | D:4      | 2744 ||| Stepping ~*~*~tactically~*~*~ (hiding).
  2940 | D:4      | Noticed a black bear
  2946 | D:4      | Killed a black bear
  2947 | D:4      | Reached skill level 1 in Throwing
  3013 | D:4      | Reached XP level 7. HP: 16/44 MP: 7/7
  3177 | D:4      | Identified the +1 sling "Ytirofel" {elec, rElec Int+6 Dex-2
                  | SInv}
  3188 | D:4      | Reached skill level 6 in Axes
  3204 | D:4      | 3204 ||| Stepping ~*~*~tactically~*~*~ (stealth).
  3410 | D:4      | 3410 ||| READING scroll labelled QUITWY UNYID.
  3411 | D:4      | 3411 ||| READING scroll labelled PEORCH SOKEUCOA.
  3412 | D:4      | 3412 ||| DRINKING 2 ruby potions.
  3430 | D:5      | Entered Level 5 of the Dungeon
  3430 | D:5      | Noticed Duvessa
  3430 | D:5      | Noticed Dowan
  3434 | D:5      | Killed Duvessa
  3440 | D:5      | Killed Dowan
  3542 | D:5      | Reached XP level 8. HP: 48/48 MP: 8/8
  3559 | D:5      | Found a stormy altar of Qazlal.
  3565 | D:5      | Reached skill level 5 in Fighting
  3584 | D:5      | 3584 ||| FLEEEEING.
  3585 | D:5      | 3585 ||| FLEEEEING.
  3587 | D:5      | 3587 ||| FLEEEEING.
  3588 | D:5      | 3588 ||| FLEEEEING.
  3589 | D:5      | 3589 ||| FLEEEEING.
  3597 | D:5      | 3597 ||| FLEEEEING.
  3598 | D:5      | 3598 ||| FLEEEEING.
  3599 | D:5      | 3599 ||| FLEEEEING.
  3600 | D:5      | 3600 ||| FLEEEEING.
  3601 | D:5      | 3601 ||| FLEEEEING.
  3602 | D:5      | 3602 ||| STAIRDANCE
  3693 | D:5      | 3693 ||| Stepping ~*~*~tactically~*~*~ (hiding).
  3708 | D:5      | Reached skill level 1 in Dodging
  3853 | D:5      | Noticed Pikel
  3863 | D:5      | Killed Pikel
  3864 | D:5      | Reached skill level 6 in Armour
  3951 | D:5      | Noticed Menkaure
  3957 | D:5      | Killed Menkaure
  4201 | D:5      | Reached XP level 9. HP: 48/54 MP: 9/9
  4202 | D:5      | 4202 ||| FLEEEEING.
  4203 | D:5      | 4203 ||| FLEEEEING.
  4404 | D:5      | Found a runed translucent door.
  4405 | D:5      | Noticed Crazy Yiuf
  4473 | D:5      | Found an ornate altar of the Wu Jian Council.
  4741 | D:5      | 4741 ||| READING scroll labelled VOSHRA BOUPT.
  4842 | D:5      | 4842 ||| READING scroll labelled LUJORUL CUU.
  4975 | D:6      | Reached skill level 6 in Fighting
  4990 | D:6      | 4990 ||| Stepping ~*~*~tactically~*~*~ (hiding).
  4991 | D:6      | 4991 ||| Stepping ~*~*~tactically~*~*~ (hiding).
  5209 | D:6      | 5209 ||| Stepping ~*~*~tactically~*~*~ (hiding).
  5211 | D:6      | Identified the +2 leather armour of Sin {Harm Int+3 Dex+3}
  5267 | D:6      | 5267 ||| Stepping ~*~*~tactically~*~*~ (stealth).
  5268 | D:6      | 5268 ||| Stepping ~*~*~tactically~*~*~ (stealth).
  5269 | D:6      | 5269 ||| Stepping ~*~*~tactically~*~*~ (stealth).
  5270 | D:6      | 5270 ||| Stepping ~*~*~tactically~*~*~ (stealth).
  5395 | D:6      | 5395 ||| READING scroll labelled RIAV BALUTEAW.
  5449 | D:7      | Found an iron altar of Okawaru.
  5450 | D:7      | 5450 ||| PLANNING OKAWARU WORSHIP
  5454 | D:7      | Became a worshipper of Warmaster Okawaru
  5454 | D:7      | 5454 ||| PLANNING D:1-11
  5478 | D:7      | Reached skill level 9 in Axes
  5797 | D:7      | Reached skill level 7 in Fighting
  5876 | D:7      | 5876 ||| Stepping ~*~*~tactically~*~*~ (stealth).
  5887 | D:7      | 5887 ||| DROPPING +0 flail.
  5890 | D:7      | Identified the +5 chain mail of Minor Irritation {rPois
                  | Dex+2}
  5951 | D:7      | Found a bloodstained altar of Trog.
  6058 | D:7      | 6058 ||| Stepping ~*~*~tactically~*~*~ (hiding).
  6065 | D:7      | Reached * piety under Okawaru
  6321 | D:7      | 6321 ||| UPGRADING to +5 chain mail of Minor Irritation
                  | {rPois Dex+2}.
  6331 | D:7      | 6331 ||| DROPPING +0 plate armour.
  6332 | D:7      | 6332 ||| READING scroll labelled FIQUGE ATHROYD.
  6333 | D:7      | 6333 ||| DRINKING 3 emerald potions.
  6333 | D:7      | Gained mutation: You are dopey. (Int -2) [potion of
                  | mutation]
  6334 | D:7      | 6334 ||| DRINKING 2 cyan potions.
  6335 | D:7      | 6335 ||| DROPPING potion of invisibility.
  6378 | D:8      | 6378 ||| Stepping ~*~*~tactically~*~*~ (hiding).
  6497 | D:8      | Reached skill level 1 in Invocations
  6548 | D:8      | 6548 ||| Stepping ~*~*~tactically~*~*~ (hiding).
  6550 | D:8      | 6550 ||| INVOKING Heroism.
  6557 | D:8      | Reached XP level 10. HP: 50/63 MP: 8/11
  6566 | D:8      | 6566 ||| INVOKING Heroism.
  6567 | D:8      | 6567 ||| INVOKING Heroism.
  6695 | D:8      | Found Yraw's Assorted Antiques.
  6706 | D:8      | 6706 ||| BUYING fizzy pink potion (23 gold).
  6706 | D:8      | Bought a fizzy pink potion for 23 gold pieces
  6706 | D:8      | 6706 ||| BUYING potion of might (104 gold).
  6706 | D:8      | Bought a potion of might for 104 gold pieces
  6706 | D:8      | 6706 ||| BUYING potion of mutation (208 gold).
  6706 | D:8      | Bought a potion of mutation for 208 gold pieces
  6782 | D:8      | 6782 ||| Stepping ~*~*~tactically~*~*~ (hiding).
  6783 | D:8      | 6783 ||| Stepping ~*~*~tactically~*~*~ (hiding).
  6791 | D:8      | 6791 ||| INVOKING Heroism.
  7244 | D:8      | 7244 ||| UPGRADING to +0 pair of boots.
  7249 | D:8      | 7249 ||| UPGRADING to +4 ring of protection.
  7250 | D:8      | 7250 ||| DRINKING 2 smoky clear potions.
  7251 | D:8      | 7251 ||| READING 2 scrolls of identify.
  7251 | D:8      | 7251 ||| IDENTIFYING orange potion
  7252 | D:8      | 7252 ||| DROPPING potion of brilliance.
  7297 | D:9      | Identified the +7 rapier "Eviscerator" {flame, rElec}
  7298 | D:9      | Identified the amulet "Amau" {Acrobat Will++}
  7337 | D:9      | Found a staircase to the Orcish Mines.
  7395 | D:9      | 7395 ||| Stepping ~*~*~tactically~*~*~ (hiding).
  7399 | D:9      | 7399 ||| Stepping ~*~*~tactically~*~*~ (hiding).
  7402 | D:9      | Noticed Psyche
  7419 | D:9      | 7419 ||| INVOKING Heroism.
  7426 | D:9      | Killed Psyche
  7427 | D:9      | Reached skill level 8 in Fighting
  7688 | D:9      | 7688 ||| Stepping ~*~*~tactically~*~*~ (hiding).
  7919 | D:9      | 7919 ||| Stepping ~*~*~tactically~*~*~ (stealth).
  7921 | D:9      | 7921 ||| Stepping ~*~*~tactically~*~*~ (stealth).
  7925 | D:9      | 7925 ||| Stepping ~*~*~tactically~*~*~ (stealth).
  7926 | D:9      | 7926 ||| Stepping ~*~*~tactically~*~*~ (stealth).
  8105 | D:9      | 8105 ||| UPGRADING to amulet "Amau" {Acrobat Will++}.
  8115 | D:9      | 8115 ||| UPGRADING to ring of protection from cold.
  8116 | D:9      | 8116 ||| READING 2 scrolls labelled NOMOETOEMIWN.
  8117 | D:9      | 8117 ||| READING 3 scrolls of identify.
  8117 | D:9      | 8117 ||| IDENTIFYING fizzy pink potion
  8118 | D:9      | 8118 ||| DROPPING scroll of noise.
  8141 | D:10     | Entered Level 10 of the Dungeon
  8163 | D:10     | Reached skill level 3 in Invocations
  8189 | D:10     | Noticed a two-headed ogre
  8190 | D:10     | 8190 ||| INVOKING Heroism.
  8198 | D:10     | Killed a two-headed ogre
  8198 | D:10     | Reached ** piety under Okawaru
  8270 | D:10     | 8270 ||| INVOKING Heroism.
  8404 | D:10     | 8404 ||| INVOKING Heroism.
  8498 | D:10     | Found a shimmering altar of Xom.
  8500 | D:10     | Found a shimmering altar of Xom.
  8579 | D:10     | 8579 ||| FLEEEEING.
  8580 | D:10     | 8580 ||| FLEEEEING.
  8581 | D:10     | 8581 ||| FLEEEEING.
  8582 | D:10     | 8582 ||| FLEEEEING.
  8583 | D:10     | 8583 ||| FLEEEEING.
  8584 | D:10     | 8584 ||| FLEEEEING.
  8585 | D:10     | 8585 ||| FLEEEEING.
  8586 | D:10     | 8586 ||| FLEEEEING.
  8587 | D:10     | 8587 ||| FLEEEEING.
  8588 | D:10     | 8588 ||| FLEEEEING.
  8589 | D:10     | 8589 ||| FLEEEEING.
  8590 | D:10     | 8590 ||| FLEEEEING.
  8591 | D:10     | 8591 ||| FLEEEEING.
  8592 | D:10     | 8592 ||| FLEEEEING.
  8593 | D:10     | 8593 ||| FLEEEEING.
  8594 | D:10     | 8594 ||| FLEEEEING.
  8595 | D:10     | 8595 ||| FLEEEEING.
  8596 | D:10     | 8596 ||| FLEEEEING.
  8605 | D:10     | Reached XP level 11. HP: 65/69 MP: 14/14
  8689 | D:10     | 8689 ||| Stepping ~*~*~tactically~*~*~ (stealth).
  8708 | D:10     | Reached skill level 9 in Fighting
  8741 | D:10     | Reached *** piety under Okawaru
  8749 | D:10     | 8749 ||| FLEEEEING.
  8750 | D:10     | 8750 ||| FLEEEEING.
  8751 | D:10     | 8751 ||| FLEEEEING.
  8752 | D:10     | 8752 ||| FLEEEEING.
  8753 | D:10     | 8753 ||| FLEEEEING.
  8754 | D:10     | 8754 ||| FLEEEEING.
  8755 | D:10     | 8755 ||| FLEEEEING.
  8756 | D:10     | 8756 ||| FLEEEEING.
  8757 | D:10     | 8757 ||| FLEEEEING.
  8758 | D:10     | 8758 ||| FLEEEEING.
  8759 | D:10     | 8759 ||| FLEEEEING.
  8831 | D:10     | 8831 ||| Stepping ~*~*~tactically~*~*~ (hiding).
  8833 | D:10     | 8833 ||| Stepping ~*~*~tactically~*~*~ (hiding).
  8842 | D:10     | 8842 ||| Stepping ~*~*~tactically~*~*~ (hiding).
  9039 | D:10     | Noticed a radroach
  9040 | D:10     | Noticed a harpy
  9043 | D:10     | a harpy changed into a shining eye
  9043 | D:10     | Noticed a shining eye (shapeshifter)
  9074 | D:11     | Noticed a cyclops
  9075 | D:11     | 9075 ||| Stepping ~*~*~tactically~*~*~ (hiding).
  9076 | D:11     | 9076 ||| Stepping ~*~*~tactically~*~*~ (hiding).
  9077 | D:11     | 9077 ||| Stepping ~*~*~tactically~*~*~ (hiding).
  9078 | D:11     | 9078 ||| Stepping ~*~*~tactically~*~*~ (hiding).
  9081 | D:11     | 9081 ||| Stepping ~*~*~tactically~*~*~ (hiding).
  9083 | D:11     | 9083 ||| Stepping ~*~*~tactically~*~*~ (hiding).
  9087 | D:11     | 9087 ||| Stepping ~*~*~tactically~*~*~ (hiding).
  9088 | D:11     | 9088 ||| INVOKING Heroism.
  9093 | D:11     | Killed a cyclops
  9094 | D:11     | Reached skill level 12 in Axes
  9149 | D:11     | Noticed a cyclops
  9150 | D:11     | 9150 ||| INVOKING Heroism.
  9157 | D:11     | Killed a cyclops
  9211 | D:11     | Reached **** piety under Okawaru
  9352 | D:11     | 9352 ||| READING scroll of enchant armour.
  9352 | D:11     | 9352 ||| ENCHANTING +1 pair of gloves.
  9492 | D:11     | 9492 ||| Stepping ~*~*~tactically~*~*~ (stealth).
  9494 | D:11     | 9494 ||| Stepping ~*~*~tactically~*~*~ (stealth).
  9497 | D:11     | 9497 ||| Stepping ~*~*~tactically~*~*~ (stealth).
  9516 | D:11     | Reached skill level 6 in Shields
  9565 | D:11     | Noticed a cyclops
  9566 | D:11     | 9566 ||| Stepping ~*~*~tactically~*~*~ (stealth).
  9568 | D:11     | 9568 ||| Stepping ~*~*~tactically~*~*~ (hiding).
  9569 | D:11     | 9569 ||| Stepping ~*~*~tactically~*~*~ (hiding).
  9570 | D:11     | 9570 ||| Stepping ~*~*~tactically~*~*~ (hiding).
  9573 | D:11     | 9573 ||| INVOKING Heroism.
  9578 | D:11     | Killed a cyclops
  9875 | D:11     | Found a staircase to the Lair.
  9876 | D:11     | 9876 ||| INVOKING Heroism.
  9877 | D:11     | Received a gift from Okawaru
  9964 | D:11     | 9964 ||| PLANNING LAIR
  9964 | D:11     | 9964 ||| READING 2 scrolls of identify.
  9964 | D:11     | 9964 ||| IDENTIFYING blue potion
 10019 | Lair:1   | Entered Level 1 of the Lair of Beasts
 10036 | Lair:1   | 10036 ||| INVOKING Heroism.
 10110 | Lair:1   | 10110 ||| Stepping ~*~*~tactically~*~*~ (stealth).
 10113 | Lair:1   | 10113 ||| Stepping ~*~*~tactically~*~*~ (stealth).
 10126 | Lair:1   | 10126 ||| Stepping ~*~*~tactically~*~*~ (stealth).
 10130 | Lair:1   | 10130 ||| Stepping ~*~*~tactically~*~*~ (stealth).
 10171 | Lair:1   | 10171 ||| Stepping ~*~*~tactically~*~*~ (stealth).
 10183 | Lair:1   | Reached skill level 6 in Invocations
 10236 | Lair:1   | 10236 ||| FLEEEEING.
 10237 | Lair:1   | 10237 ||| FLEEEEING.
 10238 | Lair:1   | 10238 ||| FLEEEEING.
 10239 | Lair:1   | 10239 ||| FLEEEEING.
 10240 | Lair:1   | 10240 ||| FLEEEEING.
 10245 | Lair:1   | 10245 ||| FLEEEEING.
 10248 | Lair:1   | 10248 ||| FLEEEEING.
 10249 | Lair:1   | 10249 ||| FLEEEEING.
 10292 | Lair:1   | 10292 ||| Stepping ~*~*~tactically~*~*~ (stealth).
 10307 | Lair:1   | 10307 ||| Stepping ~*~*~tactically~*~*~ (stealth).
 10308 | Lair:1   | 10308 ||| Stepping ~*~*~tactically~*~*~ (stealth).
 10534 | Lair:1   | 10534 ||| INVOKING Heroism.
 10576 | Lair:1   | 10576 ||| Stepping ~*~*~tactically~*~*~ (stealth).
 10592 | Lair:1   | Reached skill level 10 in Fighting
 10592 | Lair:1   | Reached XP level 12. HP: 75/77 MP: 15/17
 10600 | Lair:1   | Noticed a catoblepas
 10601 | Lair:1   | 10601 ||| Stepping ~*~*~tactically~*~*~ (stealth).
 10602 | Lair:1   | 10602 ||| INVOKING Heroism.
 10610 | Lair:1   | Killed a catoblepas
 10629 | Lair:1   | 10629 ||| Stepping ~*~*~tactically~*~*~ (stealth).
 10633 | Lair:1   | 10633 ||| Stepping ~*~*~tactically~*~*~ (stealth).
 10659 | Lair:1   | 10659 ||| Stepping ~*~*~tactically~*~*~ (hiding).
 10783 | Lair:1   | Reached ***** piety under Okawaru
 10813 | Lair:1   | 10813 ||| Stepping ~*~*~tactically~*~*~ (stealth).
 10815 | Lair:1   | 10815 ||| Stepping ~*~*~tactically~*~*~ (stealth).
 10838 | Lair:1   | 10838 ||| FLEEEEING.
 10880 | Lair:1   | 10880 ||| INVOKING Heroism.
 11010 | Lair:1   | 11010 ||| READING scroll of enchant armour.
 11010 | Lair:1   | 11010 ||| ENCHANTING +0 pair of boots.
 11232 | Lair:1   | Noticed a catoblepas
 11235 | Lair:1   | 11235 ||| INVOKING Heroism.
 11236 | Lair:1   | 11236 ||| INVOKING Finesse.
 11242 | Lair:1   | Killed a catoblepas
 11550 | Lair:1   | 11550 ||| READING scroll labelled JOUPOA DUNUDD.
 11598 | Lair:1   | 11598 ||| READING 2 scrolls of identify.
 11598 | Lair:1   | 11598 ||| IDENTIFYING pink potion
 11655 | Lair:2   | 11655 ||| Stepping ~*~*~tactically~*~*~ (stealth).
 11657 | Lair:2   | 11657 ||| Stepping ~*~*~tactically~*~*~ (stealth).
 11659 | Lair:2   | 11659 ||| Stepping ~*~*~tactically~*~*~ (stealth).
 11667 | Lair:2   | Received a gift from Okawaru
 11674 | Lair:2   | Reached skill level 9 in Invocations
 11674 | Lair:2   | 11674 ||| FLEEEEING.
 11680 | Lair:2   | 11680 ||| INVOKING Heroism.
 11784 | Lair:2   | 11784 ||| Stepping ~*~*~tactically~*~*~ (stealth).
 11787 | Lair:2   | 11787 ||| Stepping ~*~*~tactically~*~*~ (stealth).
 11849 | Lair:2   | 11849 ||| INVOKING Heroism.
 11906 | Lair:2   | 11906 ||| Stepping ~*~*~tactically~*~*~ (stealth).
 12004 | Lair:2   | 12004 ||| INVOKING Heroism.
 12027 | Lair:2   | Reached skill level 9 in Armour
 12324 | Lair:2   | Found a staircase to the Shoals.
 12351 | Lair:2   | 12351 ||| INVOKING Heroism.
 12449 | Lair:2   | Received a gift from Okawaru
 12475 | Lair:2   | 12475 ||| Stepping ~*~*~tactically~*~*~ (stealth).
 12477 | Lair:2   | 12477 ||| INVOKING Heroism.
 12483 | Lair:2   | Reached skill level 3 in Throwing
 12920 | Lair:3   | Found a frozen archway.
 12921 | Lair:3   | 12921 ||| INVOKING Heroism.
 12932 | Lair:3   | Reached skill level 3 in Dodging
 12932 | Lair:3   | Reached XP level 13. HP: 72/82 MP: 18/20
 12971 | Lair:3   | 12971 ||| Stepping ~*~*~tactically~*~*~ (stealth).
 12972 | Lair:3   | 12972 ||| Stepping ~*~*~tactically~*~*~ (stealth).
 12977 | Lair:3   | 12977 ||| Stepping ~*~*~tactically~*~*~ (stealth).
 12978 | Lair:3   | 12978 ||| Stepping ~*~*~tactically~*~*~ (stealth).
 13147 | Lair:3   | 13147 ||| INVOKING Heroism.
 13148 | Lair:3   | 13148 ||| INVOKING Finesse.
 13155 | Lair:3   | 13155 ||| SWAPPING to +1 flail of holy wrath.
 13163 | Lair:3   | 13163 ||| SWAPPING to +0 spectral war axe.
 13209 | Lair:3   | Identified the +1 plate armour of the Lion {MP+9 Str+4
                  | Int+3}
 13212 | Lair:3   | 13212 ||| Stepping ~*~*~tactically~*~*~ (stealth).
 13214 | Lair:3   | 13214 ||| Stepping ~*~*~tactically~*~*~ (stealth).
 13217 | Lair:3   | 13217 ||| Stepping ~*~*~tactically~*~*~ (stealth).
 13219 | Lair:3   | 13219 ||| INVOKING Heroism.
 13225 | Lair:3   | 13225 ||| SWAPPING to +1 flail of holy wrath.
 13240 | Lair:3   | HP: 20/82 [yak (6)]
 13241 | Lair:3   | 13241 ||| READING 7 scrolls of teleportation.
 13241 | Lair:3   | HP: 9/82 [yak (2)]
 13241 | Lair:3   | HP: 4/82 [yak (5)]
 13242 | Lair:3   | 13242 ||| DRINKING potion of heal wounds.
 13246 | Lair:3   | HP: 9/82 [eight-headed hydra (2)]
 13248 | Lair:3   | 13248 ||| SWAPPING to +0 spectral war axe.
 13345 | Lair:3   | 13345 ||| Stepping ~*~*~tactically~*~*~ (stealth).
 13346 | Lair:3   | 13346 ||| INVOKING Heroism.
 13368 | Lair:3   | 13368 ||| Stepping ~*~*~tactically~*~*~ (stealth).
 13369 | Lair:3   | 13369 ||| Stepping ~*~*~tactically~*~*~ (stealth).
 13370 | Lair:3   | 13370 ||| Stepping ~*~*~tactically~*~*~ (stealth).
 13376 | Lair:3   | 13376 ||| Stepping ~*~*~tactically~*~*~ (stealth).
 13378 | Lair:3   | 13378 ||| Stepping ~*~*~tactically~*~*~ (hiding).
 13382 | Lair:3   | 13382 ||| SWAPPING to +1 flail of holy wrath.
 13386 | Lair:3   | HP: 20/82 [eight-headed hydra (11)]
 13387 | Lair:3   | 13387 ||| READING 6 scrolls of teleportation.
 13388 | Lair:3   | 13388 ||| INVOKING Heroism.
 13390 | Lair:3   | 13390 ||| SWAPPING to +0 spectral war axe.
 13607 | Lair:3   | 13607 ||| INVOKING Heroism.
 13609 | Lair:3   | 13609 ||| Stepping ~*~*~tactically~*~*~ (stealth).
 13620 | Lair:3   | 13620 ||| Stepping ~*~*~tactically~*~*~ (stealth).
 13634 | Lair:3   | 13634 ||| INVOKING Heroism.
 13692 | Lair:3   | 13692 ||| INVOKING Heroism.
 13718 | Lair:3   | 13718 ||| INVOKING Heroism.
 13791 | Lair:3   | Found a hole to the Spider Nest.
 13848 | Lair:3   | 13848 ||| INVOKING Heroism.
 14145 | Lair:3   | 14145 ||| DROPPING +1 chain mail of cold resistance.
 14146 | Lair:3   | 14146 ||| UPGRADING to +1 plate armour of the Lion {MP+9
                  | Str+4 Int+3}.
 14156 | Lair:3   | 14156 ||| DROPPING +5 chain mail of Minor Irritation {rPois
                  | Dex+2}.
 14397 | Lair:4   | Found a viscous altar of Jiyva.
 14399 | Lair:4   | Found a staircase to the Slime Pits.
 14686 | Lair:4   | 14686 ||| INVOKING Heroism.
 14809 | Lair:4   | 14809 ||| FLEEEEING.
 14810 | Lair:4   | 14810 ||| FLEEEEING.
 14811 | Lair:4   | 14811 ||| FLEEEEING.
 14812 | Lair:4   | 14812 ||| FLEEEEING.
 14813 | Lair:4   | 14813 ||| FLEEEEING.
 14814 | Lair:4   | 14814 ||| FLEEEEING.
 14815 | Lair:4   | 14815 ||| FLEEEEING.
 14816 | Lair:4   | 14816 ||| FLEEEEING.
 14817 | Lair:4   | 14817 ||| FLEEEEING.
 14818 | Lair:4   | 14818 ||| FLEEEEING.
 14819 | Lair:4   | 14819 ||| FLEEEEING.
 14820 | Lair:4   | 14820 ||| FLEEEEING.
 14822 | Lair:4   | 14822 ||| Stepping ~*~*~tactically~*~*~ (hiding).
 14826 | Lair:4   | 14826 ||| INVOKING Heroism.
 15329 | Lair:4   | 15329 ||| READING scroll labelled AFOIPU XARURCH.
 15370 | Lair:5   | Entered Level 5 of the Lair of Beasts
 15375 | Lair:5   | 15375 ||| INVOKING Heroism.
 15515 | Lair:5   | 15515 ||| Stepping ~*~*~tactically~*~*~ (stealth).
 15517 | Lair:5   | 15517 ||| Stepping ~*~*~tactically~*~*~ (stealth).
 15525 | Lair:5   | Received a gift from Okawaru
 15531 | Lair:5   | Reached skill level 11 in Fighting
 15582 | Lair:5   | 15582 ||| Stepping ~*~*~tactically~*~*~ (stealth).
 15588 | Lair:5   | 15588 ||| Stepping ~*~*~tactically~*~*~ (stealth).
 15590 | Lair:5   | 15590 ||| INVOKING Heroism.
 15640 | Lair:5   | 15640 ||| Stepping ~*~*~tactically~*~*~ (stealth).
 15646 | Lair:5   | 15646 ||| Stepping ~*~*~tactically~*~*~ (stealth).
 15717 | Lair:5   | 15717 ||| Stepping ~*~*~tactically~*~*~ (stealth).
 15718 | Lair:5   | 15718 ||| Stepping ~*~*~tactically~*~*~ (stealth).
 15720 | Lair:5   | 15720 ||| Stepping ~*~*~tactically~*~*~ (stealth).
 15728 | Lair:5   | 15728 ||| Stepping ~*~*~tactically~*~*~ (stealth).
 15729 | Lair:5   | 15729 ||| Stepping ~*~*~tactically~*~*~ (stealth).
 15788 | Lair:5   | Gained mutation: Your large and strong wings let you fly.
                  | [Gargoyle growth]
 15788 | Lair:5   | Reached XP level 14. HP: 90/90 MP: 21/21
 15855 | Lair:5   | Noticed a dire elephant
 15855 | Lair:5   | Noticed a dire elephant
 15859 | Lair:5   | Noticed a dire elephant
 15860 | Lair:5   | 15860 ||| INVOKING Heroism.
 15868 | Lair:5   | Killed a dire elephant
 15922 | Lair:5   | 15922 ||| INVOKING Heroism.
 15924 | Lair:5   | 15924 ||| INVOKING Finesse.
 16127 | Lair:5   | 16127 ||| Stepping ~*~*~tactically~*~*~ (stealth).
 16533 | Lair:5   | Noticed a dire elephant
 16534 | Lair:5   | 16534 ||| INVOKING Heroism.
 16547 | Lair:5   | Killed a dire elephant
 16548 | Lair:5   | Reached skill level 15 in Axes
 16549 | Lair:5   | Received a gift from Okawaru
 16557 | Lair:5   | 16557 ||| Stepping ~*~*~tactically~*~*~ (stealth).
 16629 | Lair:5   | 16629 ||| INVOKING Heroism.
 16710 | Lair:5   | 16710 ||| Stepping ~*~*~tactically~*~*~ (hiding).
 16711 | Lair:5   | 16711 ||| INVOKING Heroism.
 16728 | Lair:5   | Killed a dire elephant
 16739 | Lair:5   | HP: 20/90 [dire elephant (3)]
 16740 | Lair:5   | 16740 ||| READING 6 scrolls of teleportation.
 16740 | Lair:5   | HP: 7/90 [dire elephant (14)]
 16741 | Lair:5   | Killed a dire elephant
 16743 | Lair:5   | 16743 ||| FLEEEEING.
 17153 | Lair:5   | 17153 ||| Stepping ~*~*~tactically~*~*~ (hiding).
 17166 | Lair:5   | Reached skill level 6 in Throwing
 17178 | Lair:5   | Received a gift from Okawaru
 17241 | Lair:5   | 17241 ||| PLANNING D
 17241 | Lair:5   | 17241 ||| UPGRADING to +5 ring of evasion.
 17243 | Lair:5   | 17243 ||| UPGRADING to +4 ring of protection.
 17306 | Lair:5   | 17306 ||| Stepping ~*~*~tactically~*~*~ (stealth).
 17461 | D:12     | 17461 ||| Stepping ~*~*~tactically~*~*~ (hiding).
 17463 | D:12     | 17463 ||| Stepping ~*~*~tactically~*~*~ (hiding).
 17464 | D:12     | 17464 ||| Stepping ~*~*~tactically~*~*~ (hiding).
 17465 | D:12     | 17465 ||| Stepping ~*~*~tactically~*~*~ (hiding).
 17492 | D:12     | 17492 ||| INVOKING Heroism.
 17497 | D:12     | Reached skill level 12 in Fighting
 17545 | D:12     | 17545 ||| INVOKING Heroism.
 17733 | D:12     | 17733 ||| INVOKING Heroism.
 17883 | D:12     | Noticed Azrael
 17884 | D:12     | 17884 ||| Stepping ~*~*~tactically~*~*~ (hiding).
 17891 | D:12     | 17891 ||| INVOKING Heroism.
 17894 | D:12     | Killed Azrael
 17907 | D:12     | 17907 ||| READING scroll of enchant armour.
 17907 | D:12     | 17907 ||| ENCHANTING +1 pair of boots.
 17978 | D:12     | 17978 ||| FLEEEEING.
 17979 | D:12     | 17979 ||| FLEEEEING.
 17980 | D:12     | 17980 ||| FLEEEEING.
 17981 | D:12     | 17981 ||| FLEEEEING.
 17982 | D:12     | 17982 ||| FLEEEEING.
 17983 | D:12     | 17983 ||| FLEEEEING.
 17984 | D:12     | 17984 ||| FLEEEEING.
 17985 | D:12     | 17985 ||| FLEEEEING.
 17986 | D:12     | 17986 ||| FLEEEEING.
 17987 | D:12     | 17987 ||| FLEEEEING.
 17988 | D:12     | 17988 ||| FLEEEEING.
 17989 | D:12     | 17989 ||| FLEEEEING.
 17990 | D:12     | 17990 ||| FLEEEEING.
 17991 | D:12     | 17991 ||| FLEEEEING.
 17992 | D:12     | 17992 ||| FLEEEEING.
 17993 | D:12     | 17993 ||| FLEEEEING.
 17994 | D:12     | 17994 ||| FLEEEEING.
 17995 | D:12     | 17995 ||| FLEEEEING.
 17996 | D:12     | 17996 ||| FLEEEEING.
 17997 | D:12     | 17997 ||| FLEEEEING.
 17998 | D:12     | 17998 ||| FLEEEEING.
 17999 | D:12     | 17999 ||| FLEEEEING.
 18001 | D:12     | 18001 ||| FLEEEEING.
 18011 | D:12     | 18011 ||| Stepping ~*~*~tactically~*~*~ (hiding).
 18055 | D:12     | Identified the +2 dagger "Nabauxul" {freeze, rElec}
 18106 | D:12     | 18106 ||| Stepping ~*~*~tactically~*~*~ (hiding).
 18197 | D:12     | 18197 ||| DROPPING +2 plate armour of positive energy.
 18211 | D:13     | 18211 ||| PLANNING GAUNTLET
 18241 | D:13     | 18241 ||| Stepping ~*~*~tactically~*~*~ (hiding).
 18293 | D:13     | 18293 ||| Stepping ~*~*~tactically~*~*~ (hiding).
 18294 | D:13     | 18294 ||| Stepping ~*~*~tactically~*~*~ (hiding).
 18295 | D:13     | 18295 ||| INVOKING Heroism.
 18333 | D:13     | 18333 ||| INVOKING Finesse.
 18334 | D:13     | 18334 ||| READING 6 scrolls of teleportation.
 18386 | D:13     | 18386 ||| Stepping ~*~*~tactically~*~*~ (stealth).
 18395 | D:13     | 18395 ||| INVOKING Heroism.
 18451 | D:13     | Identified the +7 falchion "Earthworm" {drain, Contam Str+3
                  | SInv}
 18460 | D:13     | 18460 ||| Stepping ~*~*~tactically~*~*~ (hiding).
 18462 | D:13     | 18462 ||| Stepping ~*~*~tactically~*~*~ (hiding).
 18547 | D:13     | 18547 ||| Stepping ~*~*~tactically~*~*~ (stealth).
 18574 | D:13     | Found a transporter.
 18575 | D:13     | Found a shimmering blue altar of Sif Muna.
 18636 | D:13     | 18636 ||| RIP GAUNTLET
 18638 | D:13     | 18638 ||| PLANNING D
 18665 | D:13     | Found a gate to the Vaults.
 18677 | D:13     | 18677 ||| INVOKING Heroism.
 18682 | D:13     | Received a gift from Okawaru
 18683 | D:13     | Reached XP level 15. HP: 60/96 MP: 22/22
 18711 | D:13     | HP: 22/96 [gnoll sergeant/+0 spear (3)]
 18712 | D:13     | 18712 ||| READING 5 scrolls of teleportation.
 18874 | D:13     | 18874 ||| INVOKING Heroism.
 18878 | D:13     | Reached skill level 12 in Armour
 18924 | D:13     | 18924 ||| FLEEEEING.
 18925 | D:13     | 18925 ||| FLEEEEING.
 18926 | D:13     | 18926 ||| FLEEEEING.
 18927 | D:13     | 18927 ||| FLEEEEING.
 18928 | D:13     | 18928 ||| FLEEEEING.
 18939 | D:13     | 18939 ||| FLEEEEING.
 19088 | D:13     | 19088 ||| INVOKING Heroism.
 19211 | D:13     | 19211 ||| DROPPING +1 flail of holy wrath.
 19212 | D:13     | 19212 ||| DROPPING +2 flail of holy wrath.
 19543 | D:13     | 19543 ||| DROPPING orb of guile.
 19544 | D:13     | 19544 ||| DROPPING amulet of the acrobat.
 19816 | D:14     | 19816 ||| Stepping ~*~*~tactically~*~*~ (hiding).
 19856 | D:14     | 19856 ||| Stepping ~*~*~tactically~*~*~ (stealth).
 19889 | D:14     | Found a broken altar of Ashenzari.
 20214 | D:14     | 20214 ||| READING scroll of enchant armour.
 20214 | D:14     | 20214 ||| ENCHANTING +0 cloak.
 20408 | D:15     | Entered Level 15 of the Dungeon
 20415 | D:15     | 20415 ||| Stepping ~*~*~tactically~*~*~ (hiding).
 20416 | D:15     | 20416 ||| Stepping ~*~*~tactically~*~*~ (hiding).
 20453 | D:15     | 20453 ||| FLEEEEING.
 20463 | D:15     | Reached skill level 13 in Fighting
 20552 | D:15     | 20552 ||| INVOKING Heroism.
 20553 | D:15     | 20553 ||| INVOKING Finesse.
 20561 | D:15     | 20561 ||| Stepping ~*~*~tactically~*~*~ (stealth).
 20618 | D:15     | 20618 ||| Stepping ~*~*~tactically~*~*~ (stealth).
 20628 | D:15     | 20628 ||| Stepping ~*~*~tactically~*~*~ (stealth).
 20631 | D:15     | 20631 ||| Stepping ~*~*~tactically~*~*~ (stealth).
 20918 | D:15     | 20918 ||| INVOKING Heroism.
 20919 | D:15     | 20919 ||| INVOKING Finesse.
 21015 | D:15     | 21015 ||| Stepping ~*~*~tactically~*~*~ (stealth).
 21022 | D:15     | Received a gift from Okawaru
 21163 | D:15     | Reached skill level 9 in Shields
 21174 | D:15     | Received a gift from Okawaru
 21186 | D:15     | 21186 ||| INVOKING Heroism.
 21320 | D:15     | 21320 ||| Stepping ~*~*~tactically~*~*~ (stealth).
 21322 | D:15     | 21322 ||| INVOKING Heroism.
 21363 | D:15     | Found a staircase to the Depths.
 21418 | D:15     | 21418 ||| PLANNING ORC
 21418 | D:15     | 21418 ||| UPGRADING to +1 buckler of protection.
 21428 | D:15     | 21428 ||| DROPPING +0 buckler.
 21571 | Orc:1    | Entered Level 1 of the Orcish Mines
 21743 | Orc:2    | Entered Level 2 of the Orcish Mines
 21896 | Orc:1    | 21896 ||| INVOKING Heroism.
 21971 | Orc:1    | 21971 ||| INVOKING Heroism.
 22186 | Orc:2    | 22186 ||| INVOKING Heroism.
 22199 | Orc:2    | Noticed an orc warlord
 22200 | Orc:2    | Reached skill level 14 in Fighting
 22200 | Orc:2    | 22200 ||| INVOKING Finesse.
 22223 | Orc:2    | Killed an orc warlord
 22244 | Orc:2    | HP: 19/100 [orc priest/divine providence (14)]
 22245 | Orc:2    | 22245 ||| READING 5 scrolls of teleportation.
 22256 | Orc:2    | Identified the +2 cloak of Okawaru's Wrath {rPois Stlth+}
                  | (Okawaru gifted it to you on level 2 of the Orcish Mines)
 22256 | Orc:2    | Received a gift from Okawaru
 22256 | Orc:2    | HP: 9/100 [orc priest/divine providence (12)]
 22257 | Orc:2    | Reached XP level 16. HP: 9/106 MP: 23/23
 22532 | Orc:2    | 22532 ||| Stepping ~*~*~tactically~*~*~ (hiding).
 22534 | Orc:2    | 22534 ||| Stepping ~*~*~tactically~*~*~ (hiding).
 22585 | Orc:2    | 22585 ||| INVOKING Heroism.
 22600 | Orc:2    | 22600 ||| Stepping ~*~*~tactically~*~*~ (stealth).
 22602 | Orc:2    | 22602 ||| Stepping ~*~*~tactically~*~*~ (stealth).
 22698 | Orc:2    | 22698 ||| Stepping ~*~*~tactically~*~*~ (hiding).
 22814 | Orc:2    | Found a staircase to the Elven Halls.
 22896 | Orc:2    | 22896 ||| Stepping ~*~*~tactically~*~*~ (stealth).
 22913 | Orc:2    | Found Decwuh's Antique Armour Boutique.
 22914 | Orc:2    | Found Satzudis's Antique Weapon Shop.
 22916 | Orc:2    | Found Mewaugedd's General Store.
 22916 | Orc:2    | Found Remagepn's Book Boutique.
 22920 | Orc:2    | 22920 ||| BUYING potion of haste (110 gold).
 22920 | Orc:2    | Bought a potion of haste for 110 gold pieces
 22930 | Orc:2    | 22930 ||| BUYING distressingly furry helmet (199 gold).
 22930 | Orc:2    | Bought a distressingly furry helmet for 199 gold pieces
 22930 | Orc:2    | Identified the +2 helmet of the Harp {Str+3} (You bought it
                  | in a shop on level 2 of the Orcish Mines)
 22930 | Orc:2    | 22930 ||| BUYING shiny plate armour (546 gold).
 22930 | Orc:2    | Bought a shiny plate armour for 546 gold pieces
 22987 | Orc:2    | 22987 ||| Stepping ~*~*~tactically~*~*~ (hiding).
 22988 | Orc:2    | 22988 ||| Stepping ~*~*~tactically~*~*~ (hiding).
 22989 | Orc:2    | 22989 ||| Stepping ~*~*~tactically~*~*~ (hiding).
 22990 | Orc:2    | 22990 ||| INVOKING Heroism.
 23078 | Orc:2    | 23078 ||| PLANNING SHOALS:1-3
 23078 | Orc:2    | 23078 ||| UPGRADING to +2 cloak of Okawaru's Wrath {rPois
                  | Stlth+}.
 23088 | Orc:2    | 23088 ||| DROPPING +1 cloak.
 23089 | Orc:2    | 23089 ||| UPGRADING to +2 helmet of the Harp {Str+3}.
 23099 | Orc:2    | 23099 ||| DROPPING +2 helmet.
 23100 | Orc:2    | 23100 ||| UPGRADING to +2 plate armour of fire resistance.
 23110 | Orc:2    | 23110 ||| DROPPING +0 fire dragon scales.
 23275 | Shoals:1 | Entered Level 1 of the Shoals
 23280 | Shoals:1 | 23280 ||| Stepping ~*~*~tactically~*~*~ (hiding).
 23358 | Shoals:1 | 23358 ||| Stepping ~*~*~tactically~*~*~ (hiding).
 23360 | Shoals:1 | 23360 ||| Stepping ~*~*~tactically~*~*~ (hiding).
 23471 | Shoals:1 | 23471 ||| INVOKING Heroism.
 23472 | Shoals:1 | 23472 ||| INVOKING Finesse.
 23481 | Shoals:1 | Reached skill level 15 in Fighting
 24089 | Shoals:1 | 24089 ||| DROPPING scarf of shadows.
 24126 | Shoals:2 | 24126 ||| INVOKING Heroism.
 24241 | Shoals:2 | 24241 ||| READING scroll of enchant armour.
 24241 | Shoals:2 | 24241 ||| ENCHANTING +2 plate armour of fire resistance.
 24403 | Shoals:2 | 24403 ||| INVOKING Heroism.
 24536 | Shoals:2 | 24536 ||| INVOKING Heroism.
 24540 | Shoals:2 | Reached skill level 15 in Armour
 24780 | Shoals:2 | 24780 ||| INVOKING Heroism.
 24792 | Shoals:2 | Received a gift from Okawaru
 24834 | Shoals:2 | 24834 ||| FLEEEEING.
 24843 | Shoals:2 | 24843 ||| INVOKING Heroism.
 24966 | Shoals:2 | 24966 ||| INVOKING Heroism.
 25235 | Shoals:2 | 25235 ||| Stepping ~*~*~tactically~*~*~ (hiding).
 25236 | Shoals:2 | 25236 ||| Stepping ~*~*~tactically~*~*~ (hiding).
 25238 | Shoals:2 | 25238 ||| INVOKING Heroism.
 25239 | Shoals:2 | Noticed Ilsuiw
 25299 | Shoals:2 | 25299 ||| INVOKING Heroism.
 25322 | Shoals:2 | Killed Ilsuiw
 25683 | Shoals:3 | 25683 ||| INVOKING Heroism.
 25687 | Shoals:3 | Received a gift from Okawaru
 25801 | Shoals:3 | 25801 ||| Stepping ~*~*~tactically~*~*~ (hiding).
 25804 | Shoals:3 | 25804 ||| Stepping ~*~*~tactically~*~*~ (hiding).
 25999 | Shoals:3 | 25999 ||| Stepping ~*~*~tactically~*~*~ (stealth).
 26011 | Shoals:3 | 26011 ||| Stepping ~*~*~tactically~*~*~ (hiding).
 26023 | Shoals:3 | 26023 ||| Stepping ~*~*~tactically~*~*~ (hiding).
 26467 | Shoals:3 | Received a gift from Okawaru
 26468 | Shoals:3 | Reached XP level 17. HP: 111/115 MP: 24/24
 26470 | Shoals:3 | Reached skill level 16 in Fighting
 26641 | Shoals:3 | 26641 ||| Stepping ~*~*~tactically~*~*~ (hiding).
 26642 | Shoals:3 | 26642 ||| INVOKING Heroism.
 26734 | Shoals:3 | 26734 ||| PLANNING SPIDER:1-3
 26734 | Shoals:3 | 26734 ||| READING scroll labelled FIFROX MOTOQE.
 26734 | Shoals:3 | Identified a scroll of acquirement
 26870 | Spider:1 | Entered Level 1 of the Spider Nest
 26893 | Spider:1 | 26893 ||| READING scroll of acquirement.
 26893 | Spider:1 | 26893 ||| ACQUIRING 610 gold pieces
 26893 | Spider:1 | Acquired 610 gold pieces
 27336 | Spider:1 | Received a gift from Okawaru
 27389 | Spider:1 | 27389 ||| INVOKING Heroism.
 27414 | Spider:1 | 27414 ||| Stepping ~*~*~tactically~*~*~ (stealth).
 27422 | Spider:1 | 27422 ||| INVOKING Finesse.
 27639 | Spider:1 | 27639 ||| FLEEEEING.
 27640 | Spider:1 | 27640 ||| FLEEEEING.
 27690 | Spider:1 | 27690 ||| Stepping ~*~*~tactically~*~*~ (stealth).
 27973 | Spider:2 | 27973 ||| Stepping ~*~*~tactically~*~*~ (stealth).
 27975 | Spider:2 | 27975 ||| Stepping ~*~*~tactically~*~*~ (stealth).
 27983 | Spider:2 | 27983 ||| Stepping ~*~*~tactically~*~*~ (hiding).
 27986 | Spider:2 | 27986 ||| Stepping ~*~*~tactically~*~*~ (hiding).
 27988 | Spider:2 | 27988 ||| Stepping ~*~*~tactically~*~*~ (hiding).
 27990 | Spider:2 | 27990 ||| INVOKING Finesse.
 28007 | Spider:2 | 28007 ||| Stepping ~*~*~tactically~*~*~ (stealth).
 28058 | Spider:2 | 28058 ||| Stepping ~*~*~tactically~*~*~ (hiding).
 28060 | Spider:2 | 28060 ||| Stepping ~*~*~tactically~*~*~ (hiding).
 28063 | Spider:2 | 28063 ||| INVOKING Heroism.
 28121 | Spider:2 | 28121 ||| INVOKING Heroism.
 28124 | Spider:2 | Reached skill level 9 in Throwing
 28274 | Spider:2 | 28274 ||| Stepping ~*~*~tactically~*~*~ (hiding).
 28275 | Spider:2 | 28275 ||| Stepping ~*~*~tactically~*~*~ (hiding).
 28278 | Spider:2 | 28278 ||| Stepping ~*~*~tactically~*~*~ (hiding).
 28449 | Spider:2 | 28449 ||| INVOKING Finesse.
 28627 | Spider:2 | 28627 ||| Stepping ~*~*~tactically~*~*~ (hiding).
 28662 | Spider:2 | Received a gift from Okawaru
 28795 | Spider:2 | 28795 ||| Stepping ~*~*~tactically~*~*~ (stealth).
 28914 | Spider:2 | 28914 ||| FLEEEEING.
 28915 | Spider:2 | 28915 ||| INVOKING Finesse.
 29149 | Spider:2 | Received a gift from Okawaru
 29156 | Spider:2 | Reached skill level 17 in Fighting
 29188 | Spider:2 | 29188 ||| Stepping ~*~*~tactically~*~*~ (stealth).
 29266 | Spider:2 | 29266 ||| READING scroll of enchant armour.
 29266 | Spider:2 | 29266 ||| ENCHANTING +3 plate armour of fire resistance.
 29766 | Spider:2 | 29766 ||| DROPPING +1 plate armour of the Lion {MP+9 Str+4
                  | Int+3}.
 29767 | Spider:2 | 29767 ||| DROPPING +6 ring of intelligence.
 29808 | Spider:3 | 29808 ||| INVOKING Heroism.
 29845 | Spider:3 | 29845 ||| Stepping ~*~*~tactically~*~*~ (stealth).
 29864 | Spider:3 | 29864 ||| INVOKING Finesse.
 29890 | Spider:3 | 29890 ||| INVOKING Heroism.
 29905 | Spider:3 | Received a gift from Okawaru
 29949 | Spider:3 | 29949 ||| INVOKING Heroism.
 30322 | Spider:3 | Reached XP level 18. HP: 122/123 MP: 25/25
 30322 | Spider:3 | 30322 ||| INVOKING Finesse.
 30414 | Spider:3 | 30414 ||| DROPPING +1 war axe of flaming.
 30446 | Spider:3 | 30446 ||| Stepping ~*~*~tactically~*~*~ (hiding).
 30493 | Spider:3 | 30493 ||| INVOKING Heroism.
 30501 | Spider:3 | Received a gift from Okawaru
 31071 | Spider:3 | 31071 ||| PLANNING SHOALS:4
 31253 | Shoals:4 | Entered Level 4 of the Shoals
 31271 | Shoals:4 | 31271 ||| Stepping ~*~*~tactically~*~*~ (hiding).
 31272 | Shoals:4 | 31272 ||| INVOKING Heroism.
 31412 | Shoals:4 | 31412 ||| Stepping ~*~*~tactically~*~*~ (stealth).
 31422 | Shoals:4 | 31422 ||| Stepping ~*~*~tactically~*~*~ (hiding).
 31423 | Shoals:4 | 31423 ||| Stepping ~*~*~tactically~*~*~ (hiding).
 31425 | Shoals:4 | 31425 ||| Stepping ~*~*~tactically~*~*~ (hiding).
 31427 | Shoals:4 | 31427 ||| Stepping ~*~*~tactically~*~*~ (hiding).
 31684 | Shoals:4 | Found a runed translucent door.
 31692 | Shoals:4 | Noticed case's ghost (adept MiBe)
 31713 | Shoals:4 | 31713 ||| FLEEEEING.
 31801 | Shoals:4 | 31801 ||| INVOKING Heroism.
 31814 | Shoals:4 | Noticed Kirke
 31834 | Shoals:4 | Killed Kirke
 31834 | Shoals:4 | Received a gift from Okawaru
 31841 | Shoals:4 | Reached skill level 18 in Fighting
 31973 | Shoals:4 | 31973 ||| Stepping ~*~*~tactically~*~*~ (hiding).
 31974 | Shoals:4 | 31974 ||| Stepping ~*~*~tactically~*~*~ (hiding).
 31978 | Shoals:4 | 31978 ||| INVOKING Heroism.
 31979 | Shoals:4 | 31979 ||| INVOKING Finesse.
 32040 | Shoals:4 | 32040 ||| Stepping ~*~*~tactically~*~*~ (hiding).
 32043 | Shoals:4 | 32043 ||| INVOKING Heroism.
 32117 | Shoals:4 | 32117 ||| Stepping ~*~*~tactically~*~*~ (hiding).
 32118 | Shoals:4 | 32118 ||| Stepping ~*~*~tactically~*~*~ (hiding).
 32119 | Shoals:4 | 32119 ||| Stepping ~*~*~tactically~*~*~ (hiding).
 32121 | Shoals:4 | 32121 ||| INVOKING Heroism.
 32138 | Shoals:4 | 32138 ||| INVOKING Heroism.
 32147 | Shoals:4 | Received a gift from Okawaru
 32320 | Shoals:4 | 32320 ||| Stepping ~*~*~tactically~*~*~ (hiding).
 32321 | Shoals:4 | 32321 ||| INVOKING Heroism.
 32446 | Shoals:4 | 32446 ||| Stepping ~*~*~tactically~*~*~ (hiding).
 32607 | Shoals:4 | 32607 ||| Stepping ~*~*~tactically~*~*~ (hiding).
 32615 | Shoals:4 | 32615 ||| INVOKING Heroism.
 32630 | Shoals:4 | 32630 ||| Stepping ~*~*~tactically~*~*~ (hiding).
 32642 | Shoals:4 | HP: 22/125 [merfolk impaler/+3 trident of freezing (13)]
 32643 | Shoals:4 | 32643 ||| READING 7 scrolls of teleportation.
 32643 | Shoals:4 | HP: 5/125 [merfolk impaler/+0 trident of freezing (14)]
 32643 | Shoals:4 | Slain by a merfolk impaler

Levels and vault maps discovered:
D:1:      dpeg_arrival_long_road, layout_loops_ring, serial_shops, shop
D:2:      layout_loops_cross
D:3:      layout_basic, mainiacjoe_overflow_paths,
          nicolae_overflow_crystal_walls, uniq_robin, uniq_natasha
D:4:      layout_gridville, mainiacjoe_overflow_boulevard, grunt_gozag_statues,
          temple_fountains
D:5:      layout_basic, nicolae_wu_jian_glorious_leap,
          mainiacjoe_overflow_surrounded_room, uniq_pikel, uniq_menkaure,
          uniq_duvessa, uniq_crazy_yiuf_cottage
D:6:      layout_rooms
D:7:      layout_loops_cross, okawaru_ov_weapons_minmay, kennysheep_mini_moat,
          kennysheep_cross_bottleneck, kennysheep_generic_room_13
D:8:      layout_basic, serial_shops, nicolae_shop_trees,
          dreamdust_princess_bridge
D:9:      layout_layer_cave, orc_0_dummy, uniq_psyche
D:10:     layout_roguey, xom_shifter_show
D:11:     layout_irregular_city, grunt_lair_entry_orc_guard_hut
D:12:     layout_rooms, uniq_azrael
D:13:     gammafunk_sealed_library, layout_basic,
          lightli_vaults_fourway_checkpoint, gauntlet_entry_generic
D:14:     layout_gridville, minmay_misc_feat_doors, evilmike_ruin_ashenzari
D:15:     gammafunk_enter_depths_forms, layout_rooms, minivault_27
Temple:   hellmonk_temple_divided_pantheon
Lair:1:   lemuel_ratsnest, layout_layer_cave, hibernation_bobbens,
          grunt_megastairs_1
Lair:2:   layout_cave_pods, elwin_shoals_entry_rooms, serial_bayou_shore_b,
          lemuel_fruit_tree, grunt_megastairs_3, serial_bayou_shore_b,
          serial_bayou_shore_b
Lair:3:   layout_chaotic_city, spider_nest_entry_webs,
          portal_ice_cave_entry_pillars_1, minivault_11
Lair:4:   layout_cave_pods, slime_entry_1, serial_bayou_pond_d,
          nicolae_quartered_pool_super
Lair:5:   due_jungle_book, layout_regular_city, grunt_megastairs_2
Shoals:1: layout_shoals, nicolae_shoals_nautilus_by_nature
Shoals:2: layout_shoals, uniq_ilsuiw
Shoals:3: layout_shoals, nicolae_shoals_arrival_archipelago
Shoals:4: shoals_end_grunt_ice, layout_shoals, shoals_ilsuiw_ice,
          ebering_ghost_reflecting_pool, uniq_kirke
Spider:1: layout_spider_delve, hangedman_spider_tarantella_strand
Spider:2: layout_chambers, spiders_nest_spider_trap
Spider:3: layout_spider_delve
Orc:1:    layout_caves
Orc:2:    st_orc_congregation, layout_caves, mines_bat_river

Skill      XL: |  1  2  3  4  5  6  7  8  9 10 11 12 13 14 15 16 17 18 |
---------------+-------------------------------------------------------+-----
Axes           | 2 3 4 5 7 8 9 11 12 13 14 16 | 16.0
Fighting       | 4 5 7 8 10 11 12 14 15 17 18 | 18.0
Throwing       | 1 2 3 4 6 7 9 10 | 10.0
Armour         | 4 6 7 8 9 11 13 15 17 | 17.5
Dodging        | 1 2 3 4 5 |  5.0
Shields        | 4 5 6 7 9 10 11 | 11.0
Invocations    | 1 4 6 10 | 10.0

Action                     |  1- 3 |  4- 6 |  7- 9 | 10-12 | 13-15 | 16-18 || total
---------------------------+-------+-------+-------+-------+-------+-------++-------
  Melee: War axe           |    97 |   109 |   173 |   511 |   844 |  1067 ||  2801
         Flail             |       |       |       |       |    32 |       ||    32
  Throw: Boomerang         |       |    34 |    76 |   122 |   199 |   126 ||   557
         Javelin           |       |       |       |     7 |    79 |    97 ||   183
 Invoke: Heroism           |       |       |     1 |    21 |    34 |    28 ||    84
         Finesse           |       |       |       |     1 |     6 |     8 ||    15
    Use: Scroll            |     5 |     2 |     6 |     8 |     9 |     4 ||    34
         Potion            |     2 |     2 |     3 |     1 |     1 |       ||     9
   Stab: Distracted        |       |       |     2 |    12 |    12 |    15 ||    41
         Petrified         |       |       |       |       |     2 |       ||     2
 Armour: Scale mail        |    44 |       |       |       |       |       ||    44
         Plate armour      |     2 |    73 |    64 |       |   262 |   493 ||   894
         Chain mail        |       |       |     7 |   203 |   105 |       ||   315
  Dodge: Dodged            |    32 |    32 |    38 |   116 |   314 |   486 ||  1018
  Block: Buckler           |    31 |    62 |    67 |    81 |   157 |   247 ||   645
         Reflection        |       |     1 |     5 |     6 |       |       ||    12

Table legend:
 A = Non-vault XP
 B = Vault XP
 C = Vault XP percentage of total XP
 D = Non-vault monster count
 E = Vault monster count
 F = Vault count percentage of total count
                 A         B        C        D         E       F
            +---------+---------+-------+---------+---------+-------
      Total |  212516 |   74909 |  26.1 |     731 |     274 |  27.3
            +---------+---------+-------+---------+---------+-------
        D:1 |      35 |       0 |   0.0 |      21 |       0 |   0.0
        D:2 |      23 |       0 |   0.0 |      12 |       0 |   0.0
        D:3 |     144 |      71 |  33.0 |      16 |      13 |  44.8
        D:4 |     579 |       0 |   0.0 |      18 |       0 |   0.0
        D:5 |     648 |    1013 |  61.0 |      18 |       4 |  18.2
        D:6 |     551 |       0 |   0.0 |      23 |       0 |   0.0
        D:7 |    1111 |     142 |  11.3 |      17 |       2 |  10.5
        D:8 |     766 |       0 |   0.0 |      20 |       0 |   0.0
        D:9 |    1083 |     365 |  25.2 |      14 |       1 |   6.7
       D:10 |    5770 |       0 |   0.0 |      27 |       0 |   0.0
       D:11 |    3509 |     512 |  12.7 |      20 |       4 |  16.7
       D:12 |    5970 |    1824 |  23.4 |      19 |       6 |  24.0
       D:13 |    8493 |    7360 |  46.4 |      19 |      12 |  38.7
       D:14 |    3716 |       0 |   0.0 |       7 |       0 |   0.0
       D:15 |   14376 |    4205 |  22.6 |      25 |       8 |  24.2
     Lair:1 |    5165 |    2927 |  36.2 |      18 |      46 |  71.9
     Lair:2 |    4277 |    2757 |  39.2 |      26 |      16 |  38.1
     Lair:3 |   10213 |     546 |   5.1 |      31 |       3 |   8.8
     Lair:4 |    4347 |       0 |   0.0 |      14 |       0 |   0.0
     Lair:5 |    7821 |   16545 |  67.9 |      34 |      38 |  52.8
   Shoals:1 |    7636 |       0 |   0.0 |      15 |       0 |   0.0
   Shoals:2 |   22975 |    3038 |  11.7 |      44 |       4 |   8.3
   Shoals:3 |   18261 |       0 |   0.0 |      42 |       0 |   0.0
   Shoals:4 |   16358 |   18829 |  53.5 |      35 |      33 |  48.5
   Spider:1 |   13867 |     283 |   2.0 |      37 |       1 |   2.6
   Spider:2 |   21670 |    3563 |  14.1 |      59 |       9 |  13.2
   Spider:3 |   27991 |       0 |   0.0 |      56 |       0 |   0.0
      Orc:1 |    2583 |       0 |   0.0 |      28 |       0 |   0.0
      Orc:2 |    2578 |   10929 |  80.9 |      16 |      74 |  82.2
            +---------+---------+-------+---------+---------+-------
